 Dungeon Crawl Stone Soup version 0.17-a0-1020-ge683cc4 (webtiles) character file.

17 MonkeyBuisness the Chopper (level 2, 27/27 HPs)
             Began as a Minotaur Berserker on May 17, 2015.
             Was a Follower of Trog.
             Quit the game on level 2 of the Dungeon.
             The game lasted 00:02:04 (677 turns).

MonkeyBuisness the Chopper (Minotaur Berserker)      Turns: 677, Time: 00:02:04

Health: 27/27      AC:  2    Str: 21    XL:     2   Next: 44%
Magic:  1/1        EV: 12    Int:  4    God:    Trog [*.....]
Gold:   21         SH:  0    Dex:  9    Spells: 0 memorised, 1 level left

rFire  . . .     SeeInvis .     a - +0 hand axe
rCold  . . .     Clarity  .     b - +0 animal skin
rNeg   . . .     SustAb   .     (no shield)
rPois  .         Gourm    .     (helmet restricted)
rElec  .         Spirit   .     (no cloak)
rCorr  .         Warding  .     (no gloves)
rMut   .         Stasis   .     (no boots)
MR     .....                    (no amulet)
Stlth  +.........               (no ring)
                                (no ring)

@: not resistant to hostile enchantments, very unstealthy
A: retaliatory headbutt, horns 2
a: Burn Spellbooks, Berserk, Renounce Religion


You were on level 2 of the Dungeon.
You worshipped Trog.
Trog was aware of your devotion.
You were not hungry.

You visited 1 branch of the dungeon, and saw 2 of its levels.

You collected 21 gold pieces.

Inventory:

Hand weapons
 a - a +0 hand axe (weapon)
Armour
 b - a +0 animal skin (worn)
Scrolls
 e - a scroll of random uselessness {unknown}
 f - 3 scrolls of fog {unknown}
 g - 3 scrolls of teleportation {unknown}
 h - 3 scrolls of fear {unknown}
 i - a scroll of identify {unknown}
Potions
 d - 2 potions of curing {unknown}
Comestibles
 c - a bread ration {@e1}


   Skills:
 + Level 3.9 Fighting
 + Level 3.9 Axes
 + Level 2.6 Armour
 + Level 2.7 Dodging


You had one spell level left.
You didn't know any spells.

Dungeon Overview and Level Annotations

Branches:
Dungeon (2/15)

Altars:


Innate Abilities, Weirdness & Mutations

You reflexively headbutt those who attack you in melee.
You have a pair of horns on your head.


Message History

The goblin shouts!
There are monsters nearby!
There are monsters nearby!
There are monsters nearby!
The kobold closely misses you.
A ball python comes into view.
You hit the kobold but do no damage. The kobold hits you with a dagger.
You take 1 damage, and have 18/20 hp.
You hit the kobold.
You kill the kobold!
Trog accepts your kill.
You have reached level 2!
You regained 6 hp, and now have 24/27 hp.
MP restored: 1 You barely miss the goblin.
The goblin closely misses you. You furiously retaliate!
You headbutt the goblin.
You kill the goblin!
Trog accepts your kill.
You hit the ball python. You headbutt the ball python.
You kill the ball python!
Trog accepts your kill.
No target in view!
No target in view!
Things that are here:
a dagger; a ball python corpse; a goblin corpse
Things that are here:
a dagger; a ball python corpse; a goblin corpse A giant gecko comes into view.
A giant gecko is nearby!
Health restored: 27 You hit the giant gecko.
Your headbutt misses the giant gecko. The giant gecko closely misses you.
You furiously retaliate!
You headbutt the giant gecko!
You kill the giant gecko!
Trog accepts your kill.
No target in view!
No target in view!
You see here a giant gecko corpse.
You butcher the giant gecko corpse.
g - 2 chunks of flesh {@w0} You see here a giant gecko skeleton.
You see here a giant gecko skeleton.
A goblin comes into view.
The goblin shouts!
The goblin moves out of view.
The goblin closely misses you.
You hit the goblin. You headbutt the goblin.
You kill the goblin!
Trog accepts your kill.
No target in view!
A hobgoblin comes into view.
The hobgoblin shouts!
A hobgoblin is nearby!
A goblin and a hobgoblin come into view.
The goblin shouts!
The hobgoblin shouts!
The hobgoblin hits you.
You take 2 damage, and have 25/27 hp.
You hit the hobgoblin. The hobgoblin closely misses you.
You hit the hobgoblin but do no damage. The hobgoblin hits you.
You take 2 damage, and have 23/27 hp.
You barely miss the hobgoblin. You hit the goblin.
You kill the goblin!
Trog accepts your kill. The hobgoblin barely misses you.
You furiously retaliate!
You headbutt the hobgoblin.
You kill the hobgoblin!
Trog accepts your kill.
The hobgoblin hits you but does no damage.
Things that are here:
a club; a goblin corpse You hit the hobgoblin.
You kill the hobgoblin!
Trog accepts your kill.
No target in view!
No target in view!
h - 3 scrolls labeled SAZAECW AHAI You see here 23 stones.
You see here a hobgoblin corpse.
Found a stone staircase leading down.
Health restored: 27 No target in view!
No target in view!
There is a stone staircase leading down here.
Found a stone staircase leading down.
There is a stone staircase leading down here.
You see here a dagger.
i - a scroll labeled ZEUL AGOLU Done exploring.
Done exploring.
You see here a dagger.
All of the chunks of flesh in your inventory have rotted away.
There is a stone staircase leading down here.
You climb downwards.
There is a stone staircase leading up here.
There is a stone staircase leading up here.
As you open the door, it creaks loudly!
There is an open door here.
g - 3 scrolls labeled SUOKOETAOPT Quiver which item? (- for none, * to show all) (? for menu, Esc to quit)
Okay, then.

.. ..###### #
#.......########.#
.#..............#
.........@....... #.
#..............# #.#.#.
#.#...........#
.......##.#...........#
##(......#.............#
.........##............#
##.......##............#
.......................#
##......................


There were no monsters in sight!

Vanquished Creatures
  A giant gecko (D:1)
  A ball python (D:1)
  5 goblins (D:1)
  2 hobgoblins (D:1)
  2 bats (D:1)
  3 kobolds (D:1)
  2 rats (D:1)
16 creatures vanquished.

Notes
Turn   | Place    | Note
--------------------------------------------------------------
     0 | D:1      | MonkeyBuisness the Minotaur Berserker began the quest for the Orb.
     0 | D:1      | Reached XP level 1. HP: 19/19 MP: 0/0
   325 | D:1      | Reached XP level 2. HP: 24/27 MP: 1/1
   677 | D:2      | Quit the game

Vault maps used:
D:1:      minmay_arrival_loop
D:2:      uniq_iyjb

Action                   || total
-------------------------++-------
Melee: Hand axe          ||    25

Vault maps used:
D:1:      minmay_arrival_loop
D:2:      uniq_iyjb

Table legend:
 A = Turns spent in this place as a percentage of turns spent in the entire game.
 B = Non-inter-level travel turns spent in this place as a percentage of non-inter-level travel turns spent in the entire game.
 C = Inter-level travel turns spent in this place as a percentage of turns spent in this place.
 D = Turns resting spent in this place as a percentage of non-inter-level travel turns spent in this place.
 E = Turns spent auto-exploring this place as a percentage of non-inter-level travel turns spent in this place.
 F = Non-inter-level travel turns spent in this place divided by the number of levels of this place that you've seen.
                   A       B       C       D       E      F
               +-------+-------+-------+-------+-------+----------------------
         Total | 100.0 | 100.0 |   0.5 |   2.2 |  12.4 |  92.5
       Dungeon | 100.0 | 100.0 |   0.5 |   2.2 |  12.4 |  92.5
               +-------+-------+-------+-------+-------+----------------------

Table legend:
 A = Kills in this place as a percentage of kills in entire the game.
 B = Kills by you in this place as a percentage of kills by you in the entire game.
 C = Kills by friends in this place as a percentage of kills by friends in the entire game.
 D = Other kills in this place as a percentage of other kills in the entire game.
 E = Experience gained in this place as a percentage of experience gained in the entire game.
 F = Experience gained in this place divided by the number of levels of this place that you have seen.
                   A       B       C       D       E      F
               +-------+-------+-------+-------+-------+----------------------
         Total | 100.0 | 100.0 |  -nan |  -nan | 100.0 |  12.5
       Dungeon | 100.0 | 100.0 |  -nan |  -nan | 100.0 |  12.5
               +-------+-------+-------+-------+-------+----------------------
